 Dungeon Crawl Stone Soup version 0.20-a0-556-g892c87b (webtiles) character file.

23 polly the Magician (level 2, 0/15 HPs)
             Began as a Deep Elf Wizard on Feb 5, 2017.
             Slain by a frilled lizard (2 damage)
             ... on level 2 of the Dungeon.
             The game lasted 00:02:23 (904 turns).

polly the Magician (Deep Elf Wizard)                 Turns: 904, Time: 00:02:24

Health: 0/15       AC:  2    Str:  4    XL:     2   Next: 75%
Magic:  4/10       EV: 13    Int: 22    God:
Gold:   82         SH:  0    Dex: 13    Spells: 10/11 levels left

rFire    . . .     SeeInvis .   (no weapon)
rCold    . . .     Gourm    .   a - +0 robe
rNeg     . . .     Faith    .   (no shield)
rPois    .         Spirit   .   b - +0 hat
rElec    .         Reflect  .   (no cloak)
rCorr    .         Harm     .   (no gloves)
MR       .....                  (no boots)
Stlth    ++........             (no amulet)
Regen    0.1/turn               (no ring)
                                (no ring)

@: no status effects
A: no striking features
a: no special abilities


You were on level 2 of the Dungeon.
You were not hungry.

You visited 1 branch of the dungeon, and saw 2 of its levels.

You collected 82 gold pieces.

Inventory:

Armour
 a - a +0 robe (worn)
 b - a +0 hat (worn)
Jewellery
 n - an uncursed ring of ice {unknown}
Scrolls
 i - a scroll of enchant weapon {unknown}
 l - a scroll of recharging {unknown}
 m - a scroll of remove curse {unknown}
Potions
 e - a potion of flight {unknown}
 f - a potion of agility {unknown}
 g - a potion of lignification {unknown}
 h - a potion of degeneration {unknown}
 j - a potion of berserk rage {unknown}
 k - a potion of curing {unknown}
Books
 c - a book of Minor Magic

   Spells                             Type                      Level
   a - Magic Dart                     Conjuration                  1
   b - Blink                          Translocation                2
   c - Call Imp                       Summoning                    2
   d - Repel Missiles                 Charms/Air                   2
   e - Slow                           Hexes                        2
   f - Conjure Flame                  Conjuration/Fire             3
   g - Mephitic Cloud                 Conjuration/Poison/Air       3
Comestibles
 d - 2 bread rations


   Skills:
 + Level 0.1 Fighting
 + Level 2.5 Dodging
 + Level 2.9 Stealth
 + Level 5.1 Spellcasting
 + Level 1.4 Conjurations
   Level 1.1 Summonings
   Level 1.1 Translocations


You had 10 spell levels left.
You knew the following spells:

 Your Spells              Type           Power        Failure   Level  Hunger
a - Magic Dart            Conj           ##..         8%          1    None


Dungeon Overview and Level Annotations

Branches:
Dungeon (2/15)

Altars:


Message History

A frilled lizard comes into view.
The frilled lizard hisses angrily.
The frilled lizard closely misses you.
Casting: Magic Dart
Confirm with . or Enter, or press ? or * to list all spells.
Aiming: Magic Dart
Press: ? - help, Shift-Dir - straight line, f/p - worm
Aim: a worm (heavily wounded)
The magic dart hits the worm.
The worm is heavily wounded.
The frilled lizard bites you but does no damage.
The worm bites you but does no damage.
An adder comes into view.
The adder hisses angrily.
The adder moves out of view.
A frilled lizard comes into view.
The frilled lizard bites you but does no damage.
The frilled lizard hisses angrily.
The adder barely misses you. The frilled lizard bites you.
You die...

#####. ...#.
#... ..######
######.....#
.....#.....#
#.......#
##......#
##.@S..####...
#..l..l......
#..w..##.....
#.....# ..l.
#.$...# ...
........... ..
############ .


You could see a worm, an adder and 2 frilled lizards.

Vanquished Creatures
  A dart slug (D:1)
  A ball python (D:1)
  3 bats
  A giant cockroach (D:1)
  4 goblins (D:1)
  2 hobgoblins (D:1)
  4 kobolds (D:1)
  2 frilled lizards (D:1)
  3 rats (D:1)
21 creatures vanquished.

Notes
Turn   | Place    | Note
-------+----------+-------------------------------------------
     0 | D:1      | polly the Deep Elf Wizard began the quest for the Orb.
     0 | D:1      | Reached XP level 1. HP: 10/10 MP: 7/7
   267 | D:1      | Reached XP level 2. HP: 15/15 MP: 5/9
   336 | D:1      | Reached skill level 5 in Spellcasting
   904 | D:2      | Slain by a frilled lizard

Vault maps used:
D:1:      minmay_arrival_arboretum_large, grunt_decor_cap,
          minmay_split_cup_small
D:2:      lemuel_crystal_altar, corexii_shack, uniq_robin

Skill      XL: |  1  2 |
---------------+-------+-----
Spellcasting   | 5 |  5.1
Fighting       | |  0.1
Dodging        | |  2.5
Stealth        | |  2.9
Conjurations   | |  1.4
Summonings     | |  1.1
Translocations | |  1.1

Action                   || total
-------------------------++-------
Melee: Unarmed           ||     8
 Cast: Magic Dart        ||    51
Armor: Robe              ||     9
Dodge: Dodged            ||    12
